 Dungeon Crawl Stone Soup version 0.16.2-12-gd0ad4c3 (webtiles) character file.

3588 gorblad the Blocker (level 10, -2/80 HPs)
             Began as a Formicid Fighter on Sept 11, 2015.
             Was a Follower of Nemelex Xobeh.
             Slain by a hill giant
             ... wielding a +0 giant spiked club
              (9 damage)
             ... on level 9 of the Dungeon.
             The game lasted 00:30:03 (6087 turns).

gorblad the Blocker (Formicid Fighter)              Turns: 6087, Time: 00:30:03

Health: -2/80      AC: 18    Str: 21      XL:     10   Next: 31%
Magic:  13/13      EV:  7    Int:  9      God:    Nemelex Xobeh [*.....]
Gold:   285        SH: 12    Dex: 11 (12) Spells: 0 memorised, 9 levels left

rFire  . . .     SeeInvis +     n - +4 scythe
rCold  . . .     Clarity  .     y - +0 plate armour
rNeg   . . .     SustAb   .     c - +0 shield
rPois  .         Gourm    .     (helmet unavailable)
rElec  .         Spirit   .     p - +2 cloak
rCorr  .         Warding  .     v - +0 pair of gloves
rMut   .         Stasis   +     l - +0 pair of boots
MR     +....                    (no amulet)
Stlth  ..........               (no ring)
                                (no ring)

@: drained, somewhat resistant to hostile enchantments, extremely unstealthy
A: permanent stasis, dig shafts and tunnels, four strong arms, antennae 3
a: Dig, Shaft Self, Renounce Religion


You were on level 9 of the Dungeon.
You worshipped Nemelex Xobeh.
Nemelex Xobeh was aware of your devotion.
You were not hungry.

You visited 1 branch of the dungeon, and saw 7 of its levels.
You also visited: Ossuary.

You collected 285 gold pieces.

Inventory:

Hand weapons
 a - a +0 flail
 n - a +4 scythe (weapon)
Armour
 b - a +0 scale mail
 c - a +0 shield (worn)
 k - a +0 ring mail
 l - a +0 pair of boots (worn)
 m - a +0 chain mail
 p - a +2 cloak (worn)
 v - a +0 pair of gloves (worn)
 y - a +0 plate armour (worn)
 A - a +0 pair of gloves
Jewellery
 q - an uncursed ring of see invisible
Magical devices
 B - a wand of random effects (18)
Scrolls
 t - 2 scrolls of remove curse
Potions
 e - a potion of invisibility {unknown}
 i - a potion of restore abilities {unknown}
 s - a potion of cancellation
 u - a potion of brilliance {unknown}
 z - 2 potions of flight {unknown}
 C - a potion of haste
 D - a potion of poison {unknown}
Books
 w - a book of Maledictions

   Spells                             Type                      Level
   a - Corona                         Hexes                        1
   b - Sure Blade                     Hexes/Charms                 2
   c - Ensorcelled Hibernation        Hexes/Ice                    2
   d - Confuse                        Hexes                        3
   e - Dazzling Spray                 Conjuration/Hexes            3
   f - Enslavement                    Hexes                        4
 x - a book of Changes

   Spells                             Type                      Level
   a - Beastly Appendage              Transmutation                1
   b - Sticks to Snakes               Transmutation                2
   c - Spider Form                    Transmutation/Poison         3
   d - Ice Form                       Ice/Transmutation            4
   e - Blade Hands                    Transmutation                5
Miscellaneous
 G - a plain deck of war {drawn: 2}
Comestibles
 d - 4 bread rations
 g - 2 slices of pizza
 j - 3 beef jerkies
 o - 2 fruits
 r - 9 chunks of flesh


   Skills:
 + Level 7.8(7.4) Fighting
 + Level 2.4(2.1) Maces & Flails
 + Level 6.7(6.4) Polearms
 + Level 6.5(6.2) Armour
 + Level 3.3(3.0) Dodging
 + Level 10.4(10.0) Shields
 + Level 0.5(0.3) Evocations


You had 9 spell levels left.
You didn't know any spells.

Dungeon Overview and Level Annotations

Branches:
Dungeon (9/15)
 Temple: D:4-7         Lair: D:8-11         Orc: D:9-12

Altars:
Elyvilon
Makhleb
Nemelex Xobeh


Innate Abilities, Weirdness & Mutations

You are under a permanent stasis effect.
You can dig through walls and to a lower floor.
Your four strong arms can wield two-handed weapons with a shield.
You have a pair of large antennae on your head (SInv).


Message History

The hill giant hits you with a giant spiked club!
You block the hill giant's attack.
You hit the hill giant but do no damage.
The hill giant is heavily wounded.
You block the hill giant's attack.
You slash the hill giant!
The hill giant is severely wounded.
The hill giant hits you with a giant spiked club.
You slash the hill giant!
The hill giant is severely wounded.
The hill giant barely misses you.
Your plate armour prevents you from hitting the hill giant.
The hill giant is severely wounded.
The hill giant hits you with a giant spiked club!!
* * * LOW HITPOINT WARNING * * *
Your plate armour prevents you from hitting the hill giant.
The hill giant is severely wounded.
The hill giant hits you with a giant spiked club!
You die...
Your body disappears without a glow.

.## ##..## ##..## ##..# ## ##...#
##..## ##...# # ##...## ##..##
##...## # ##...## ##...# ##...##
###....# ###...## ##....#
##.....## ##.....# ##....##
#......# ###.....## ###.....# ##
.......###.$.....# #.......###.
................@# .............
.................C...............
#################################


You could see a hill giant.

Vanquished Creatures
  A two-headed ogre (D:9)
  A deep elf mage (D:9)
  An ice beast (D:9)
  A sky beast (D:9)
  4 ogres
  An orc warrior (D:9)
  A phantom (D:9)
  A centaur (D:9)
  Sigmund (D:2)
  A gnoll sergeant (D:9)
  2 big kobolds (D:9)
  3 giant frogs
  5 water moccasin zombies (Ossuary)
  5 killer bees (D:9)
  3 crimson imps (D:5)
  7 hounds
  3 centaur skeletons
  A centaur zombie (D:9)
  A jelly (D:9)
  2 orc priests (D:9)
  3 quasits
  3 orc wizards
  6 worker ants
  An iguana (D:5)
  A big kobold zombie (Ossuary)
  Terence (D:3)
  2 mummies (Ossuary)
  12 gnolls
  11 adders
  A giant mite (D:9)
  3 worms
  2 adder zombies (Ossuary)
  An adder skeleton (D:4)
  3 giant geckos
  4 oozes
  7 orcs
  A gnoll zombie (Ossuary)
  11 goblins
  9 hobgoblins
  5 jackals
  2 quokkas
  12 bats
  4 giant cockroaches
  7 giant newts
  5 hobgoblin zombies (Ossuary)
  14 kobolds
  7 kobold zombies (Ossuary)
  5 orc zombies (Ossuary)
  A quokka skeleton (D:6)
  A quokka zombie (D:5)
  13 rats
203 creatures vanquished.

Notes
Turn   | Place    | Note
--------------------------------------------------------------
     0 | D:1      | gorblad, the Formicid Fighter, began the quest for the Orb.
     0 | D:1      | Reached XP level 1. HP: 18/18 MP: 1/1
   164 | D:1      | Reached XP level 2. HP: 22/24 MP: 3/3
   374 | D:1      | Reached skill level 4 in Shields
   374 | D:1      | Reached XP level 3. HP: 16/30 MP: 4/4
   907 | D:2      | Noticed Sigmund
   917 | D:2      | Killed Sigmund
   917 | D:2      | Reached skill level 1 in Dodging
   917 | D:2      | Reached XP level 4. HP: 23/37 MP: 5/5
   917 | D:2      | Reached XP level 5. HP: 26/42 MP: 7/7
  1489 | D:2      | Reached skill level 5 in Shields
  2173 | D:3      | Noticed Terence
  2178 | D:3      | Killed Terence
  2264 | D:3      | Reached XP level 6. HP: 47/49 MP: 8/8
  2291 | D:3      | Reached skill level 1 in Polearms
  2530 | D:3      | Found a burning altar of Makhleb.
  3365 | D:4      | Reached XP level 7. HP: 51/55 MP: 9/9
  3594 | D:5      | Entered Level 5 of the Dungeon
  3731 | D:5      | Reached skill level 6 in Shields
  3738 | D:5      | Reached skill level 5 in Fighting
  3866 | D:5      | Found a white marble altar of Elyvilon.
  4238 | D:6      | Reached XP level 8. HP: 62/62 MP: 11/11
  4244 | D:6      | Found a sand-covered staircase.
  4260 | Ossuary  | Entered an ossuary
  4283 | Ossuary  | Reached skill level 5 in Armour
  4318 | Ossuary  | Reached skill level 7 in Shields
  4755 | D:6      | Found a sparkling altar of Nemelex Xobeh.
  4759 | D:6      | Became a worshipper of Nemelex Xobeh the Trickster
  4790 | D:6      | Received a gift from Nemelex Xobeh
  4814 | D:6      | You fall through a shaft for 3 floors!
  4823 | D:9      | Reached XP level 9. HP: 69/69 MP: 12/12
  4915 | D:9      | Reached skill level 5 in Polearms
  4950 | D:9      | Reached skill level 8 in Shields
  5002 | D:9      | HP: 2/71 [orc priest/divine providence (13)]
  5159 | D:9      | Noticed a centaur skeleton
  5169 | D:9      | Killed a centaur skeleton
  5203 | D:9      | Reached skill level 9 in Shields
  5367 | D:9      | Reached XP level 10. HP: 47/79 MP: 13/13
  5506 | D:9      | Reached skill level 10 in Shields
  5518 | D:9      | HP: 5/118 [poisoned by a killer bee]
  5524 | D:9      | HP: 5/118 [poisoned by a killer bee]
  5532 | D:9      | HP: 5/118 [poisoned by a killer bee]
  5553 | D:9      | Noticed a two-headed ogre
  5561 | D:9      | Killed a two-headed ogre
  6078 | D:9      | Noticed a hill giant
  6087 | D:9      | Slain by a hill giant

Action                   |  1- 3 |  4- 6 |  7- 9 | 10-12 || total
-------------------------+-------+-------+-------+-------++-------
Melee: Flail             |   127 |       |       |       ||   127
       Scythe            |       |   305 |   456 |    86 ||   847
 Abil: Dig               |     5 |    21 |     9 |       ||    35
       Shaft Self        |       |       |     1 |       ||     1
Evoke: Deck              |       |       |     1 |     1 ||     2
  Use: Scroll            |     2 |     5 |     6 |     3 ||    16
       Potion            |       |       |    12 |     3 ||    15
  Eat: Chunk             |       |     8 |     7 |     1 ||    16
       Fruit             |       |     1 |     1 |       ||     2
       Bread ration      |       |     1 |       |       ||     1
       Pizza             |       |       |       |     1 ||     1
